 Dungeon Crawl Stone Soup version 0.30.1-4-g462c640d31 (webtiles) character file.

Game seed: 3444289473665135004

27 Wiggles the Chopper (level 2, -2/27 HPs)
             Began as a Minotaur Berserker on Sept 13, 2023.
             Was a Follower of Trog.
             Slain by a hobgoblin
             ... wielding a +0 dagger
              (5 damage)
             ... on level 2 of the Dungeon.
             The game lasted 00:01:10 (655 turns).

Wiggles the Chopper (Minotaur Berserker)             Turns: 655, Time: 00:01:10

Health: -2/27      AC:  3    Str: 21    XL:     2   Next: 93%
Magic:  1/1        EV: 12    Int:  4    God:    Trog [*.....]
Gold:   84         SH:  0    Dex:  9    Spells: 1/1 levels left

rFire   + . .        a - +0 hand axe
rCold   . . .        (no shield)
rNeg    . . .        b - +0 animal skin
rPois   .            (helmet restricted)
rElec   .            (no cloak)
rCorr   .            (no gloves)
SInv    .            f - +0 pair of boots
Will    .....        (no amulet)
Stlth   +            g - ring of protection from fire
HPRegen 0.24/turn    (no ring)
MPRegen 0.07/turn

%: no passive effects
@: no status effects
A: horns 2, retaliatory headbutt
a: Renounce Religion, Berserk


You were on level 2 of the Dungeon.
You worshipped Trog.
Trog was aware of your devotion.
You visited 1 branch of the dungeon, and saw 2 of its levels.

You collected 84 gold pieces.

Inventory:

Hand Weapons
 a - a +0 hand axe (weapon)
Armour
 b - a +0 animal skin (worn)
 f - a +0 pair of boots (worn)
Jewellery
 g - a ring of protection from fire (left hand)
Scrolls
 c - 2 scrolls of identify {unknown}
 d - a scroll of noise {unknown}
 i - a scroll of teleportation {unknown}
Potions
 e - a potion of curing {unknown}
 h - 2 potions of brilliance {unknown}


   Skills:
 + Level 4.1 Fighting
 + Level 4.2 Axes
 + Level 2.5 Armour
 + Level 2.4 Dodging
 + Level 0.4 Stealth


You had one spell level left.
You didn't know any spells.
Your spell library was empty.

Dungeon Overview and Level Annotations

Branches:
Dungeon (2/15)

Altars:


Innate Abilities, Weirdness & Mutations

You have a pair of horns on your head.
You reflexively headbutt those who attack you in melee.


Message History

The goblin attacks as you move away! The goblin barely misses you. x2
You closely miss the goblin. You hit the goblin. The goblin closely misses you.
The goblin barely misses you.
You completely miss the goblin. You hit the endoplasm.
You closely miss the goblin. The goblin hits you but does no damage.
The endoplasm barely misses you. The goblin closely misses you.
You furiously retaliate!
You headbutt the goblin!
You kill the goblin!
Trog accepts your kill. The endoplasm hits you. The goblin closely misses you.
Things that are here:
a +0 club; a goblin corpse The goblin hits you but does no damage.
The endoplasm barely misses you.
You hit the endoplasm.
The endoplasm is severely wounded.
You completely miss the goblin. The goblin hits you with a +0 club.
The endoplasm freezes you.
You are frozen.
You hit the goblin.
The goblin is severely wounded.
You hit the endoplasm.
You kill the endoplasm!
Trog accepts your kill. The goblin hits you with a +0 club.
* * * LOW HITPOINT WARNING * * *
You slash the goblin!
You kill the goblin!
Trog accepts your kill.
A hobgoblin comes into view. It is wielding a +0 dagger.
Things that are here:
a +0 club; a goblin corpse The hobgoblin hits you with a +0 dagger!
* * * LOW HITPOINT WARNING * * *
You hit the hobgoblin.
The hobgoblin is heavily wounded.
The hobgoblin closely misses you.
You hit the hobgoblin but do no damage. Your headbutt misses the hobgoblin.
The hobgoblin is heavily wounded.
The hobgoblin hits you with a +0 dagger.
You die...

#. #.# .. #. ##.#
..# ####. #... #.#
....##.#.# ##.#
#....##.##..#
#..........##
.###...g##.....##
.......@...)....#
##.######...).##...#
##....# .
...........
####....#....
#.#.###...# #.#.#
..## #.... ...
#.###. ##


You could see a hobgoblin.

Vanquished Creatures
  A worm (D:2)
  A ball python (D:1)
  2 endoplasms
  A giant cockroach (D:1)
  3 goblins
  3 hobgoblins (D:1)
  A quokka (D:1)
  3 bats (D:1)
  4 kobolds (D:1)
  4 rats
23 creatures vanquished.

Notes
Turn   | Place    | Note
-------+----------+-------------------------------------------
     0 | D:1      | Wiggles the Minotaur Berserker began the quest for the Orb.
     0 | D:1      | Reached XP level 1. HP: 19/19 MP: 0/0
   202 | D:1      | Reached XP level 2. HP: 13/27 MP: 1/1
   655 | D:2      | Slain by a hobgoblin

Illustrated notes

Levels and vault maps discovered:
D:1:      ncdulo_smallfort, layout_basic, minmay_misc_feat_five,
          minmay_tromino_mix6
D:2:      layout_loops_ring, kennysheep_generic_room_12, uniq_crazy_yiuf_cottage

Skill      XL: |  1  2 |
---------------+-------+-----
Axes           | 4 |  4.2
Fighting       | 4 |  4.1
Armour         | |  2.5
Dodging        | |  2.4
Stealth        | |  0.4

Action                     || total
---------------------------++-------
  Melee: Hand axe          ||    58
         Headbutt          ||     7
 Armour: Animal skin       ||    18
  Dodge: Dodged            ||    38
